 Dungeon Sprint DCSS version 0.31-a0-986-g5e6e4ef867 (webtiles) character file.

Game seed: 9778904786409672309

620 sircluck the Grappler (level 7, -7/117 HPs)
             Began as a Troll Berserker on Nov 13, 2023.
             Was a Priest of Trog.
             Mangled by a sixfirhy (12 damage)
             ... summoned by a kobold demonologist
             ... in the Dungeon (Sprint I: "Red Sonja").
             The game lasted 00:01:15 (185 turns).

sircluck the Grappler (Troll Berserker)              Turns: 185, Time: 00:01:16

Health: -7/117     AC:  4    Str: 28    XL:     7   Next: 22%
Magic:  6/6        EV: 11    Int:  3    God:    Trog [***...]
Gold:   270        SH:  0    Dex:  9    Spells: 6/6 levels left

rFire   . .          .
                       - Unarmed
rCold   . . .        (no shield)
rNeg    . . .        a - +0 animal skin
rPois   .            (helmet restricted)
rElec   .            (no cloak)
rCorr   .            (gloves unavailable)
SInv    .            (boots unavailable)
Will    .....        (no amulet) Stlth
                     (no ring)
HPRegen 1.19/turn    (no ring)
MPRegen 0.10/turn

%: no teleportation
@: berserking (expiring), very quick
A: large, unfitting armour, claws 3, regeneration 1, shaggy fur 1, tough skin 1
a: Renounce Religion, Berserk, Trog's Hand


You were in the Dungeon.
You worshipped Trog.
Trog was most pleased with you.
You visited 1 branch You collected 270 gold pieces.

Inventory:

Armour
 a - a +0 animal skin (worn)
Wands
 h - a wand of charming (1)
Scrolls
 g - a scroll of blinking
Potions
 b - a potion of curing
 c - a potion of heal wounds
 d - a potion of haste
 e - 2 potions of magic
 f - a potion of berserk rage


   Skills:
 + Level 7.2 Fighting
 + Level 6.0 Armour
 + Level 7.2 Dodging
 + Level 8.6 Unarmed Combat


You had 6 spell levels left.
You didn't know any spells.
Your spell library was empty.

Dungeon Overview and Level Annotations

Branches:
Dungeon (1/1)

Altars:
Makhleb
Xom
Jiyva
Lugonu


Innate Abilities, Weirdness & Mutations

You are too large for most types of armour.
You have claws for hands.
Your natural rate of healing is unusually fast.
You are covered in fur. (AC +1)
You have tough skin. (AC +1)


Message History

You scratch the kobold demonologist.
The kobold demonologist is lightly wounded.
The white imp spits at you.
Unknown command.
Unknown command.
Unknown command.
Unknown command.
Unknown command.
Unknown command.
You closely miss the kobold demonologist.
The kobold demonologist is lightly wounded.
The kobold demonologist mumbles some strange words.
The kobold demonologist hits you with a +0 dagger.
* * * LOW HITPOINT WARNING * * *
Unknown command.
Unknown command.
Unknown command.
Unknown command.
You mangle the kobold demonologist!!
The kobold demonologist is severely wounded.
The kobold demonologist hits you with a +0 dagger.
* * * LOW HITPOINT WARNING * * *
The kobold demonologist misses you.
Unknown command.
Unknown command.
Unknown command.
Unknown command.
You claw the kobold demonologist!
You kill the kobold demonologist!
Trog accepts your kill.
Trog appreciates your killing of a magic user.
The iron imp disappears in a puff of smoke!
The white imp disappears in a puff of smoke!
The smoke demon disappears in a puff of smoke!
The crimson imp disappears in a puff of smoke!
The ufetubus disappears in a puff of smoke!
The sixfirhy barely misses you. The sixfirhy hits you.
* * * LOW HITPOINT WARNING * * *
The sixfirhy shocks you!
You die...

#####################
.)..#..'..#__#.3@)§5#
.#..').#..'..'.§#K§5#
###'#####+#__####§5§+
#..# #### #### ####


You could see a kobold demonologist, a sixfirhy (summoned), a white imp
(summoned), a shadow imp (summoned) and an ufetubus (summoned).

Vanquished Creatures
  A kobold demonologist (D)
  A glass eye (D)
  Sigmund (D)
  A slime creature (D)
  An ogre (D)
  Ijyb (D)
6 creatures vanquished.

Notes
Turn   | Place    | Note
-------+----------+-------------------------------------------
     0 | D        | sircluck the Troll Berserker began the quest for the Orb.
     0 | D        | Reached XP level 1. HP: 22/22 MP: 0/0
     2 | D        | Noticed Ijyb
     8 | D        | Killed Ijyb
     9 | D        | Reached skill level 4 in Unarmed Combat
     9 | D        | Reached XP level 2. HP: 32/32 MP: 1/1
    44 | D        | Noticed an ogre
    50 | D        | Killed an ogre
    51 | D        | Reached skill level 5 in Unarmed Combat
    51 | D        | Reached XP level 3. HP: 35/40 MP: 2/2
    51 | D        | Reached XP level 4. HP: 43/49 MP: 3/3
    67 | D        | Noticed Sigmund
    70 | D        | Killed Sigmund
    70 | D        | Reached ** piety under Trog
    71 | D        | Reached skill level 5 in Dodging
    71 | D        | Reached skill level 7 in Unarmed Combat
    71 | D        | Reached XP level 5. HP: 48/59 MP: 4/4
    71 | D        | Reached XP level 6. HP: 55/67 MP: 5/5
    93 | D        | Found a burning altar of Makhleb.
    93 | D        | Found a viscous altar of Jiyva.
    93 | D        | Found a shimmering altar of Xom.
    93 | D        | Found a corrupted altar of Lugonu.
    93 | D        | Noticed a slime creature
   104 | D        | Killed a slime creature
   105 | D        | Reached skill level 5 in Armour
   105 | D        | Reached skill level 8 in Unarmed Combat
   171 | D        | Noticed a kobold demonologist
   171 | D        | Noticed a glass eye
   174 | D        | Killed a glass eye
   174 | D        | Noticed a kobold demonologist
   175 | D        | Reached XP level 7. HP: 78/78 MP: 6/6
   177 | D        | Noticed a sixfirhy
   177 | D        | Noticed a smoke demon
   185 | D        | Killed a kobold demonologist
   185 | D        | Reached *** piety under Trog
   185 | D        | HP: 5/117 [sixfirhy[a kobold demonologist] (6)]
   185 | D        | Mangled by a sixfirhy

Illustrated notes

Levels and vault maps discovered:
D:        dungeon_sprint_1 [red_sonja_temple_1, red_sonja_temple_small_1]

Skill      XL: |  1  2  3  4  5  6 |
---------------+-------------------+-----
Fighting       | 3 4 6 7 |  7.2
Dodging        | 3 4 5 7 |  7.2
Unarmed Combat | 4 5 7 8 |  8.6
Armour         | 2 4 6 |  6.0

Action                     |  1- 3 |  4- 6 |  7- 9 || total
---------------------------+-------+-------+-------++-------
  Melee: Unarmed           |     9 |    13 |    10 ||    32
         Punch             |     1 |       |       ||     1
 Invoke: Berserk           |     1 |     1 |       ||     2
 Armour: Animal skin       |     2 |     7 |    12 ||    21
  Dodge: Dodged            |     2 |     2 |     6 ||    10

Table legend: (Time is in decaauts)
 A = Elapsed time spent in this place.
 B = Non-inter-level travel time spent in this place.
 C = Inter-level travel time spent in this place.
 D = Time resting spent in this place.
 E = Time spent auto-exploring this place.
 F = Levels seen in this place.
 G = Mean time per level.
                   A        B        C        D        E       F      G
               +--------+--------+--------+--------+--------+-----+--------+
         Total |    186 |    186 |      0 |    100 |     16 |   1 |  186.0 |
       Dungeon |    186 |    186 |      0 |    100 |     16 |   1 |  186.0 |
               +--------+--------+--------+--------+--------+-----+--------+

Top non-repeatable levels by time:
       D: 186 daAuts
